 Dungeon Crawl Stone Soup version 0.29.0-11-gd7f09526c8 (webtiles) character file.

Game seed: 2993153689133300179

6 blackman the Sneak (level 1, 0/18 HPs)
             Began as a Demonspawn Delver on Sept 5, 2022.
             Slain by Ijyb
             ... wielding a +0 dagger
              (3 damage)
             ... on level 5 of the Dungeon.
             The game lasted 00:01:34 (624 turns).

blackman the Sneak (Demonspawn Delver)               Turns: 624, Time: 00:01:34

Health: 0/18       AC:  3    Str: 12    XL:     1   Next: 75%
Magic:  1/1        EV: 11    Int: 11    God:
Gold:   0          SH:  0    Dex: 14    Spells: 0/0 levels left

rFire   . . .      SeeInvis .   a - +0 mace
rCold   . . .      Faith    .   (no shield)
rNeg    . . .      Spirit   .   b - +0 leather armour
rPois   .          Reflect  .   (no helmet)
rElec   .          Harm     .   (no cloak)
rCorr   .          Rampage  .   (no gloves)
Will    .....                   (no boots)
Stlth   ++........              (no amulet)
HPRegen 0.06/turn               (no ring)
MPRegen 0.07/turn               (no ring)

@: no status effects
A: no striking features
a: no special abilities


You were on level 5 of the Dungeon.
You visited 1 branch of the dungeon, and saw 2 of its levels.

Inventory:

Hand Weapons
 a - a +0 mace (weapon)
Armour
 b - a +0 leather armour (worn)
Wands
 g - a wand of digging (2)
Scrolls
 c - a scroll of fog
 d - a scroll of magic mapping
Potions
 f - a potion of haste


   Skills:
 - Level 3.0 Fighting
 + Level 2.3 Maces & Flails
 - Level 1.7 Dodging
 - Level 4.5 Stealth


You couldn't memorise any spells.
You didn't know any spells.
Your spell library was empty.

Dungeon Overview and Level Annotations

Branches:
Dungeon (6/15)
 Temple: D:4-7

Altars:

Annotations:
D:5 Ijyb


Message History

The jackal attacks as you move away!
The jackal bites you but does no damage.
The jackal closely misses you. The jackal closely misses you.
The jackal misses you. The jackal attacks as you move away!
The jackal bites you. The jackal attacks as you move away!
The jackal closely misses you.
The jackal pauses to sniff the ground.
The jackal closely misses you.
You hit the jackal.
You kill the jackal!
You see here a worm corpse.
There is a stone staircase leading down here.
You climb downwards.
There is a stone staircase leading up here.
You climb upwards.
There is a stone staircase leading down here.
HP restored.
You see here 6 stones.
Ijyb the Twisted Goblin comes into view.
She is wielding a +0 dagger, wearing a +2 chain mail of cold resistance and carrying a wand of paralysis (12).
Unknown command.
Found a scroll labelled OTTOIH LUED.
Aiming: Dig
Press: ? - help, Shift-Dir - straight line You can't see that place.
The rock shatters into small pieces.
Found a runed barding.
Press: ? - help, v - describe, . - travel, g - get item Item here: a runed barding.
The floor.
Unknown command.
The helpless Ijyb fails to defend herself.
You hit Ijyb but do no damage.
Ijyb screams, "You nasty!
Big nasty!"
Ijyb hits you with a +0 dagger. x2
You hit Ijyb but do no damage. Ijyb hits you with a +0 dagger.
* * * LOW HITPOINT WARNING * * *
You closely miss Ijyb. Ijyb misses you.
You hit Ijyb but do no damage. Ijyb hits you with a +0 dagger.
You die...

#.# #... #.# ####
#.## #..# ##.# #(#
###.###
#########.....#
#..@g.....###.######
#.#######.# #.......
#[....###.###.######
#.####........# #.#
######.### #.# #.#
#.# #.. #.# ##?# #.#
.#


You could see Ijyb.

Vanquished Creatures
  A worm (D:5)
  A jackal (D:5)
  A quokka (D:5)
3 creatures vanquished.

Notes
Turn   | Place    | Note
-------+----------+-------------------------------------------
     0 | D:5      | blackman the Demonspawn Delver began the quest for the Orb.
     0 | D:5      | Reached XP level 1. HP: 18/18 MP: 1/1
   535 | D:5      | Noticed a water moccasin
   571 | D:6      | Noticed a scorpion
   601 | D:5      | Noticed Ijyb
   624 | D:5      | Slain by Ijyb

Illustrated notes

Levels and vault maps discovered:
D:5:      layout_loops_ring, serial_shops, shop, uniq_grinder,
          uniq_prince_ribbit1, uniq_ijyb
D:6:      gammafunk_wand_slinger, layout_cave_pods, temple_fountains,
          serial_shops, shop, minmay_shop_mass

Skill      XL: |  1 |
---------------+----+-----
Maces & Flails | 2 |  2.3
Fighting       | |  3.0
Dodging        | |  1.7
Stealth        | |  4.5

Action                   || total
-------------------------++-------
Melee: Mace              ||    18
Evoke: Wand              ||     1
  Use: Scroll            ||     1
 Stab: Sleeping          ||     1
Armor: Leather armour    ||     2
Dodge: Dodged            ||    11
